Description

Ok

Replay - Pillars of Gold LE (11)

Build Order

Get SALT Encoding   

  12  0:01  Probe  
  13  0:13  Probe  
  14  0:20  Pylon  
  14  0:26  Assimilator  
  14  0:29  Probe  
  15  0:41  Probe  
  16  0:48  Gateway  
  16  0:53  Probe (Chrono Boost)  
  18  1:05  Probe (Chrono Boost)  
  18  1:10  Probe (Chrono Boost)  
  19  1:20  Probe  
  20  1:43  Nexus  
  20  1:48  Cybernetics Core  
  20  1:54  Probe  
  20  1:59  Assimilator  
  21  2:06  Probe  
  22  2:15  Pylon  
  23  2:30  Adept (Chrono Boost)  
  23  2:34  Warp Gate  
  27  2:51  Adept (Chrono Boost)  
  27  2:54  Robotics Facility  
  29  3:03  Pylon  
  28  3:28  Twilight Council  
  30  3:42  Warp Prism (Chrono Boost)  
  32  4:01  Charge (Chrono Boost)  
  33  4:12  Immortal (Chrono Boost)  
  37  4:21  Gateway  
  37  4:31  Gateway  
  39  4:37  Gateway  
  39  4:45  Immortal (Chrono Boost)  
  43  4:54  Gateway  
  43  5:02  Gateway  
  43  5:03  Pylon  
  43  5:11  Pylon  
  43  5:39  Zealot x4  
  48  5:51  Zealot  
  50  5:58  Zealot  
Spawning Tool Build Advisor. Get it on Overwolf

Go to:

Details

  • Created by: Slaight
  • Published on: Oct 17, 2020
  • Modified on: Oct 17, 2020
  • Patch: 4.11.0
  • Difficulty: Medium
Show
View Real Time Build Order
Export as new Build Order

Comments (0)

There are no comments. Be the first!

Create an account to comment!